 Dungeon Crawl Stone Soup version 0.30-a0-694-g3340775977 (console) character file.

Game seed: 10306826199397818224

2181 Ignak the Sneak (level 9, -2/57 HPs)
             Began as an Octopode Hedge Wizard on Jan 20, 2023.
             Slain by a sky beast (6 damage)
             ... on level 7 of the Dungeon.
             The game lasted 00:17:45 (6649 turns).

Ignak the Sneak (Octopode Hedge Wizard)             Turns: 6649, Time: 00:17:46

Health: -2/57      AC:  1    Str: 20    XL:     9   Next: 33%
Magic:  9/15       EV: 15    Int: 22    God:
Gold:   336        SH:  0    Dex: 17    Spells: 4/17 levels left

rFire   . . .      SeeInvis .    a - +3 long sword (spect)
rCold   . . .      Faith    .    (no shield)
rNeg    . . .      Spirit   .    C - +0 hat
rPois   .          Reflect  .    B - amulet "Kair" {RegenMP +Blink Str+4 Int-5}
rElec   .          Harm     .    m - +6 ring of strength
rCorr   .          Rampage  .    s - ring "Qafac" {Str-5 Int+6 Dex+6}
Will    +....                    E - +6 ring of strength
Stlth   ++++                     G - ring of willpower
HPRegen 0.29/turn                J - ring of flight
MPRegen 0.54/turn                (no ring)
                                 (no ring)
                                 (no ring)

@: on blink cooldown, flying
A: almost no armour, amphibious, 8 rings, camouflage 1, gelatinous body 1,
(nimble swimmer 1), tentacles
a: Evoke Blink


You were on level 7 of the Dungeon.
You visited 1 branch of the dungeon, and saw 8 of its levels.

You collected 336 gold pieces.

Inventory:

Hand Weapons
 a - a +3 spectral long sword (weapon)
 b - a +3 short sword of freezing
 I - a +0 rapier
Missiles
 h - 6 poisoned darts (quivered)
Armour
 v - a +0 buckler
 C - a +0 hat (worn)
Magical Staves
 x - a staff of earth
Jewellery
 m - a +6 ring of strength (left tentacle)
 o - a ring of fire
 q - an amulet of faith
 s - the ring "Qafac" (right tentacle) {Str-5 Int+6 Dex+6}
   (You found it on level 3 of the Dungeon)

   [ring of dexterity]

   Str:       It affects your strength (-5).
   Int:       It affects your intelligence (+6).
   Dex:       It affects your dexterity (+6).
 B - the amulet "Kair" (around mantle) {RegenMP +Blink Str+4 Int-5}
   (You found it on level 6 of the Dungeon)

   [amulet of magic regeneration]

   It increases your rate of magic regeneration.
   Str:       It affects your strength (+4).
   Int:       It affects your intelligence (-5).
   +Blink:    It lets you blink.
 E - a +6 ring of strength (on tentacle)
 G - a ring of willpower (on tentacle)
 J - a ring of flight (on tentacle)
Wands
 e - a wand of iceblast (8)
 g - a wand of mindburst (11)
 n - a wand of polymorph (9)
 y - a wand of light (12)
Scrolls
 d - a scroll of summoning {unknown}
 f - a scroll of poison
 k - a scroll of fog
 p - 2 scrolls of magic mapping
 w - a scroll of blinking {unknown}
 D - a scroll of enchant weapon
 F - a scroll of vulnerability {unknown}
 H - a scroll of teleportation {unknown}
Potions
 c - a potion of magic
 i - 2 potions of lignification {unknown}
 j - 4 potions of curing {unknown}
 l - 2 potions of attraction {unknown}
 r - a potion of brilliance {unknown}
 t - a potion of berserk rage {unknown}
 u - 3 potions of might
 z - a potion of resistance {unknown}
 A - 2 potions of ambrosia {unknown}


   Skills:
 + Level 3.4 Fighting
 + Level 2.8 Long Blades
 * Level 5.2 Dodging
 + Level 5.4 Stealth
 * Level 3.3 Shields
 - Level 1.0 Unarmed Combat
 + Level 4.5 Spellcasting
 - Level 3.0 Conjurations
 * Level 3.6 Hexes
 - Level 2.2 Summonings
 - Level 3.0 Translocations
 - Level 3.0 Ice Magic
 - Level 2.0 Air Magic
 - Level 2.0 Poison Magic


You had 4 spell levels left.
You knew the following spells:

 Your Spells              Type           Power      Damage    Failure   Level
a - Magic Dart            Conj           72%        1d6       3%          1
b - Blink                 Tloc           36%        N/A       4%          2
c - Ensorcelled Hibernat  Hex/Ice        38%        N/A       4%          2
d - Mephitic Cloud        Conj/Pois/Air  15%        N/A       12%         3
e - Call Imp              Summ           14%        N/A       6%          2
f - Hailstorm             Conj/Ice       18%        3d6       10%         3

Your spell library contained the following spells:

 Spells                   Type           Power      Damage    Failure   Level
 Slow                     Hex            80%        N/A       2%          1
 Cigotuvi's Dreadful Rot  Necr/Pois/Air  20%        N/A       10%         2
 Spider Form              Tmut/Pois      9%         N/A       22%         3
 Anguish                  Hex/Necr       6%         N/A       45%         4
 Ice Form                 Ice/Tmut       11%        N/A       50%         4
 Simulacrum               Ice/Necr       5%         N/A       100%        6


Dungeon Overview and Level Annotations

Branches:
Dungeon (8/15)             Temple (0/1) D:7
   Lair: D:8-11

Altars:
Dithmenos
Gozag
Wu Jian
The Shining One

Shops:
D:4 *   D:5 *   D:6 *:


Innate Abilities, Weirdness & Mutations

You cannot wear most types of armour.
You are amphibious.
You can wear up to eight rings at the same time.
Your skin changes colour to match your surroundings (Stealth+).
Your rubbery body absorbs attacks. (AC +1, EV +1)
((You are camouflaged when in or above water. (Stealth+)))
You have tentacles for arms and can constrict up to eight enemies at once.


Message History

Found 12 gold pieces and a rapier.
The centaur is engulfed in noxious fumes.
The centaur appears confused.
The centaur gestures wildly.
Your crimson imp hits something.
The centaur shouts, "What's happening?!"
The centaur barely misses something.
The centaur kicks something but does no damage.
The centaur completely misses itself.
The centaur kicks itself.
A basilisk comes into view.
A necrophage comes into view.
A sky beast appears from thin air!
Reactivating autopickup.
The sky beast hits your crimson imp. The sky beast shocks your crimson imp.
The centaur is engulfed in noxious fumes.
The centaur appears confused.
You hit the centaur.
The centaur is moderately wounded.
Your +3 spectral long sword hits the centaur!
Your crimson imp blinks!
The centaur unwields a +0 shortbow.
The centaur hits your +3 spectral long sword but does no damage.
The centaur misses your +3 spectral long sword.
Something hits the centaur.
The centaur is killed!
Your crimson imp completely misses the centaur.
You swap places.
The centaur hits your crimson imp.
The centaur closely misses your crimson imp.
The sky beast hits your crimson imp.
Your crimson imp dies!
Your crimson imp disappears in a puff of smoke!
The centaur hits you.
* * * LOW HITPOINT WARNING * * *
The centaur closely misses you.
Okay, then.
Casting: Mephitic Cloud (dangerous; 12% risk of failure)
Confirm with . or Enter, or press ? or * to list all spells.
You blink.
The sky beast hits you.
* * * LOW HITPOINT WARNING * * *
The sky beast shocks you.
You die...

#..##).#+**,,,**,,,,*
##.'....#*,,,,,**,,**
###....#)..,,,,**+##
##..##$..8.,,**..#*
##'##,.l.,,,*[..,*
##..##...,,*#..,,*
#....##..,*#'#,,**
#....'#'###..##**
##..##.°##@)..#
####..°nY)...#
#..§.##..##
##.c##*### ####


You could see a sky beast, a necrophage and a centaur (confused).

Vanquished Creatures
  2 steam dragons (D:7)
  An orc warrior (D:5)
  A black bear (D:6)
  A sky beast (D:7)
  2 ice beasts
  An ogre (D:5)
  2 centaurs
  A phantom (D:6)
  A necrophage (D:6)
  4 bullfrogs
  A scorpion (D:4)
  3 wights
  2 hounds (D:5)
  A jelly (D:4)
  3 orc priests
  2 orc wizards
  Ijyb (D:4)
  3 iguanas (D:6)
  3 adders
  A shadow imp (D:6)
  A white imp (D:7)
  An ufetubus (D:5)
  A worm (D:2)
  5 dart slugs
  15 orcs
  4 endoplasms
  3 goblins (D:1)
  3 hobgoblins
  4 jackals (D:1)
  2 quokkas
  3 ball pythons
  4 bats (D:1)
  4 frilled lizards
  2 kobolds
  9 rats
97 creatures vanquished.

Vanquished Creatures (collateral kills)
  A centaur (D:7)
  2 hounds
  An orc wizard (D:5)
  A hobgoblin (D:2)
  A ball python (D:3)
  2 kobolds
8 creatures vanquished.

Vanquished Creatures (others)
  11 fungi (D:8)
11 creatures vanquished.

Grand Total: 116 creatures vanquished

Notes
Turn   | Place    | Note
-------+----------+-------------------------------------------
     0 | D:1      | Ignak the Octopode Hedge Wizard began the quest for the
                  | Orb.
     0 | D:1      | Reached XP level 1. HP: 11/11 MP: 4/4
    66 | D:1      | Reached XP level 2. HP: 9/17 MP: 6/6
    96 | D:1      | Learned a level 2 spell: Blink
    99 | D:1      | Learned a level 2 spell: Call Imp
   255 | D:1      | Reached XP level 3. HP: 18/22 MP: 7/7
   259 | D:1      | Learned a level 3 spell: Mephitic Cloud
  1968 | D:3      | Reached XP level 4. HP: 21/27 MP: 8/8
  2126 | D:3      | Reached skill level 1 in Fighting
  2335 | D:3      | Identified the ring "Qafac" {Str-5 Int+6 Dex+6}
  2478 | D:4      | Found a shadowy altar of Dithmenos.
  2495 | D:4      | Noticed Ijyb
  2539 | D:4      | Killed Ijyb
  2540 | D:4      | Reached skill level 1 in Unarmed Combat
  2601 | D:4      | Found an opulent altar of Gozag.
  2613 | D:4      | Found Gozag's Platinum Reserve.
  2630 | D:4      | Noticed a scorpion
  2638 | D:4      | Killed a scorpion
  2639 | D:4      | Reached skill level 1 in Poison Magic
  2639 | D:4      | Reached XP level 5. HP: 33/33 MP: 10/10
  3095 | D:5      | Entered Level 5 of the Dungeon
  3202 | D:4      | Reached XP level 6. HP: 33/38 MP: 7/11
  3211 | D:5      | Reached skill level 1 in Air Magic
  3216 | D:5      | Reached skill level 1 in Long Blades
  3370 | D:5      | Noticed an orc warrior
  3385 | D:5      | Killed an orc warrior
  3483 | D:5      | Learned a level 2 spell: Ensorcelled Hibernation
  3485 | D:5      | Found Himuv's Overcharged Wands.
  3491 | D:5      | Reached XP level 7. HP: 38/45 MP: 6/12
  3647 | D:5      | Reached skill level 1 in Ice Magic
  3769 | D:5      | Reached skill level 1 in Hexes
  3808 | D:5      | Found Maefrouss's Weapon Shop.
  4082 | D:5      | Found an ornate altar of the Wu Jian Council.
  4235 | D:6      | Reached skill level 1 in Shields
  4302 | D:6      | Reached XP level 8. HP: 50/50 MP: 11/13
  4343 | D:6      | HP: 2/50 [ice beast (13)]
  4624 | D:6      | Found Piticium's Assorted Antiques.
  5174 | D:6      | Found a glowing golden altar of the Shining One.
  5223 | D:6      | Found Bezuv's Tremendous Tomes.
  5287 | D:6      | Identified the amulet "Kair" {RegenMP +Blink Str+4 Int-5}
  5424 | D:7      | You fall into a shaft and drop 1 floor!
  6134 | D:7      | Reached skill level 5 in Stealth
  6134 | D:7      | Reached XP level 9. HP: 56/56 MP: 15/15
  6183 | D:6      | Learned a level 3 spell: Hailstorm
  6488 | D:7      | Reached skill level 5 in Dodging
  6649 | D:7      | Slain by a sky beast

Illustrated notes

Levels and vault maps discovered:
D:1:      eino_arrival_cavern_b, layout_basic
D:2:      layout_basic, dk_noncrumbling_2, grunt_ministairs_3
D:3:      layout_basic, nicolae_concentric_dashed_squares_wild,
          nrook_loot_triangle, nrook_campfire, corexii_item_surrounded_by_moat
D:4:      layout_cave_pools, nicolae_gozag_zags_fifth_avenue,
          mainiacjoe_overflow_tiny_flanked, uniq_ijyb
D:5:      layout_loops_ring, nicolae_wu_jian_immortal_techniques, serial_shops,
          nicolae_shop_stone, nicolae_shop_overcharged_wands
D:6:      layout_gridville, kennysheep_mini_moat, serial_shops,
          nicolae_take_the_stairs, kennysheep_donut,
          nicolae_shop_i_like_big_books
D:7:      minmay_bubble_buster, layout_basic,
          minmay_temple_entry_statues_fountains
D:8:      layout_rooms, mainiacjoe_overflow_concentric_impassable,
          dreamdust_mushroom_princess

Skill      XL: |  1  2  3  4  5  6  7  8  9 |
---------------+----------------------------+-----
Stealth        | 3 4 5 |  5.4
Fighting       | 1 2 3 |  3.4
Unarmed Combat | 1 |  1.0
Poison Magic   | 1 2 |  2.0
Dodging        | 3 4 5 |  5.2
Conjurations   | 2 3 |  3.0
Summonings     | 2 |  2.2
Air Magic      | 1 2 |  2.0
Long Blades    | 1 2 |  2.8
Translocations | 2 3 |  3.0
Ice Magic      | 1 3 |  3.0
Hexes          | 1 3 |  3.6
Shields        | 1 2 3 |  3.3
Spellcasting   | 4 |  4.5

Action                   |  1- 3 |  4- 6 |  7- 9 || total
-------------------------+-------+-------+-------++-------
Melee: Flail             |    71 |     3 |       ||    74
       Constrict         |    16 |    16 |    14 ||    46
       Tentacles         |    12 |     8 |    16 ||    36
       Punch             |     1 |       |     2 ||     3
       Long sword        |       |    38 |    66 ||   104
       Unarmed           |       |       |     1 ||     1
       Dagger            |       |       |     2 ||     2
       Short sword       |       |       |     6 ||     6
Throw: Dart              |       |       |     4 ||     4
 Cast: Call Imp          |     8 |    11 |    20 ||    39
       Mephitic Cloud    |       |     4 |    11 ||    15
       Blink             |       |     1 |     8 ||     9
       Hailstorm         |       |       |     2 ||     2
Evoke: Wand              |       |       |     1 ||     1
  Use: Scroll            |       |     7 |     2 ||     9
       Potion            |       |     2 |       ||     2
 Stab: Sleeping          |     9 |     4 |     8 ||    21
       Distracted        |       |     1 |       ||     1
       Confused          |       |     2 |     2 ||     4
Armor: Skin              |     4 |     2 |     3 ||     9
Dodge: Dodged            |    51 |    35 |    57 ||   143

Table legend: (Time is in decaauts)
 A = Elapsed time spent in this place.
 B = Non-inter-level travel time spent in this place.
 C = Inter-level travel time spent in this place.
 D = Time resting spent in this place.
 E = Time spent auto-exploring this place.
 F = Levels seen in this place.
 G = Mean time per level.
                   A        B        C        D        E       F      G
               +--------+--------+--------+--------+--------+-----+--------+
         Total |   6707 |   6592 |    115 |   1268 |   3612 |   8 |  838.4 |
       Dungeon |   6707 |   6592 |    115 |   1268 |   3612 |   8 |  838.4 |
               +--------+--------+--------+--------+--------+-----+--------+

Top non-repeatable levels by time:
     D:6: 1474 daAuts
     D:5: 986 daAuts
     D:3: 888 daAuts
     D:7: 871 daAuts
     D:2: 861 daAuts
     D:4: 725 daAuts
     D:1: 724 daAuts
     D:8: 175 daAuts
